 Dungeon Sprint DCSS version 0.22.0-16-gc6d26f6 (webtiles) character file.

7 doot the Bolt Thrower (level 2, -1/23 HPs)
             Began as a Gnoll Wanderer on Aug 17, 2018.
             Slain by an iguana (12 damage)
             ... in the Dungeon (Sprint IX: "|||||||||||||||||||||||||||||").
             The game lasted 00:00:18 (30 turns).

doot the Bolt Thrower (Gnoll Wanderer)                Turns: 30, Time: 00:00:18

Health: -1/23      AC:  2    Str: 12    XL:     2   Next: 0%
Magic:  5/5        EV: 12    Int: 16    God:
Gold:   0          SH:  0    Dex: 14    Spells: 6/6 levels left

rFire    . . .     SeeInvis .   e - +0 dagger
rCold    . . .     Gourm    .   (no shield)
rNeg     . . .     Faith    .   d - +0 robe
rPois    .         Spirit   .   (no helmet)
rElec    .         Reflect  .   (no cloak)
rCorr    .         Harm     .   (no gloves)
MR       .....     NoTele   +   (no boots)
Stlth    ++........             (no amulet)
HPRegen  0.07/turn              (no ring)
MPRegen  0.09/turn              (no ring)

@: no status effects
A: distributed training, fangs 1, strong nose
a: no special abilities


You were in the Dungeon.
You were not hungry.

You visited 1 branch

Inventory:

Hand Weapons
 e - a +0 dagger (weapon)
Armour
 d - a +0 robe (worn)
Scrolls
 c - a scroll of teleportation
 l - a scroll of blinking
Potions
 g - a potion of curing
 h - a potion of heal wounds
 i - a potion of haste
 j - 2 potions of magic
 k - a potion of berserk rage
Comestibles
 f - a ration


   Skills:
 + Level 2.7 Fighting
 + Level 1.0 Short Blades
 + Level 1.0 Long Blades
 + Level 1.0 Axes
 + Level 1.0 Maces & Flails
 + Level 1.0 Polearms
 + Level 1.0 Staves
 + Level 1.0 Slings
 + Level 1.0 Bows
 + Level 6.5 Crossbows
 + Level 1.0 Throwing
 + Level 2.7 Armour
 + Level 1.0 Dodging
 + Level 2.5 Stealth
 + Level 1.0 Shields
 + Level 1.0 Unarmed Combat
 + Level 2.9 Spellcasting
 + Level 0.7 Conjurations
 + Level 0.7 Hexes
 + Level 0.7 Charms
 + Level 0.7 Summonings
 + Level 0.7 Necromancy
 + Level 3.8 Translocations
 + Level 0.7 Transmutations
 + Level 0.7 Fire Magic
 + Level 0.7 Ice Magic
 + Level 0.7 Air Magic
 + Level 0.7 Earth Magic
 + Level 0.7 Poison Magic
 + Level 1.1 Invocations
 + Level 2.7 Evocations


You had 6 spell levels left.
You didn't know any spells.
Your spell library contained the following spells:

 Spells                   Type           Power        Failure   Level  Hunger
 Teleport Other           Tloc           ##......     12%         3    ###....
 Blink                    Tloc           N/A          6%          2    ##.....
 Pain                     Necr           #...         14%         1    #......
 Vampiric Draining        Necr           #.........   38%         3    ###....
 Passage of Golubria      Tloc           N/A          36%         4    #####..
 Shroud of Golubria       Chrm/Tloc      #.........   11%         2    ##.....
 Gell's Gravitas          Tloc           ##........   12%         3    ###....
 Lesser Beckoning         Tloc           ##........   12%         3    ###....


Dungeon Overview and Level Annotations

Branches:
Dungeon (1/1)

Altars:


Innate Abilities, Weirdness & Mutations

Your experience applies equally to all skills.
You have very sharp teeth.
Your uncanny sense of smell can sniff out nearby items.


Message History

Unknown command.
Unknown command.
Unknown command.
Unknown command.
Unknown command.
You see here a bat corpse.
You open the door.
An iguana, a giant cockroach, a crimson imp and 2 shadow imps come into view.
The iguana hisses angrily.
You closely miss the crimson imp.
The shadow imp shouts, "Fly, thou bawdy hasty-witted guttersnipe!"
You bite the crimson imp, but do no damage.
The shadow imp shouts, "Scamper away, thou craven toad-spotted vulture!"
The crimson imp blinks!
The iguana closely misses you.
There is an open door here.
You hit the iguana but do no damage.
The crimson imp blinks!
The iguana bites you!
Ouch! That really hurt!
You die...

∆
▓+▓
∆
▓.▓
∆
▓5▓
∆
▓5▓
∆
▓s▓
∆
▓l▓
∆
▓@▓
∆
▓.▓
∆
▓5▓
∆
▓)▓
▓§▓
▓†▓
▓'▓
▓.▓
▓.▓


You could see an iguana, a crimson imp, 2 shadow imps and a giant cockroach.

Vanquished Creatures
  A leopard gecko (D)
  A goblin (D)
  A hobgoblin (D)
  2 bats (D)
5 creatures vanquished.

Notes
Turn   | Place    | Note
-------+----------+-------------------------------------------
     0 | D        | doot the Gnoll Wanderer began the quest for the Orb.
     0 | D        | doot set off with: a scroll of teleportation, a +0 robe, a +0 dagger, a ration, a potion of curing, a potion of heal wounds, a potion of haste, 2 potions of magic, a potion of berserk rage, a scroll of blinking
     0 | D        | Reached XP level 1. HP: 17/17 MP: 4/4
    21 | D        | Reached skill level 1 in Invocations
    24 | D        | Reached skill level 1 in Short Blades
    24 | D        | Reached skill level 1 in Long Blades
    24 | D        | Reached skill level 1 in Axes
    24 | D        | Reached skill level 1 in Maces & Flails
    24 | D        | Reached skill level 1 in Polearms
    24 | D        | Reached skill level 1 in Staves
    24 | D        | Reached skill level 1 in Slings
    24 | D        | Reached skill level 1 in Bows
    24 | D        | Reached skill level 1 in Throwing
    24 | D        | Reached skill level 1 in Dodging
    24 | D        | Reached skill level 1 in Shields
    24 | D        | Reached skill level 1 in Unarmed Combat
    24 | D        | Reached XP level 2. HP: 11/23 MP: 5/5
    27 | D        | Noticed a crimson imp
    30 | D        | Slain by an iguana

Skill      XL: |  1 |
---------------+----+-----
Invocations    | 1 |  1.1
Short Blades   | 1 |  1.0
Long Blades    | 1 |  1.0
Axes           | 1 |  1.0
Maces & Flails | 1 |  1.0
Polearms       | 1 |  1.0
Staves         | 1 |  1.0
Slings         | 1 |  1.0
Bows           | 1 |  1.0
Throwing       | 1 |  1.0
Dodging        | 1 |  1.0
Shields        | 1 |  1.0
Unarmed Combat | 1 |  1.0
Fighting       | |  2.7
Crossbows      | |  6.5
Armour         | |  2.7
Stealth        | |  2.5
Spellcasting   | |  2.9
Conjurations   | |  0.7
Hexes          | |  0.7
Charms         | |  0.7
Summonings     | |  0.7
Necromancy     | |  0.7
Translocations | |  3.8
Transmutations | |  0.7
Fire Magic     | |  0.7
Ice Magic      | |  0.7
Air Magic      | |  0.7
Earth Magic    | |  0.7
Poison Magic   | |  0.7
Evocations     | |  2.7

Action                   || total
-------------------------++-------
Melee: Dagger            ||    19
       Bite              ||     2
 Stab: Sleeping          ||     3
Armor: Robe              ||     9
Dodge: Dodged            ||    10
